AoeStats
← [KMNB] Bandeira

Lombardia

509091616Analyzed
3v3 RM · 7d ago on Sep 25, 2026· 53m 57s· 6 players
Game mode
Random Map
Map size
Normal (6 player)
Population
200
Speed
Normal
Resources
Standard
Victory
Conquest
Starting age
Dark Age
Ending age
Imperial Age
RankedLock teamsTeams togetherTeam positionsShared explorationLock speedFull tech treeHidden civsTurbo modeCheats
Victory
Defeat
🇳🇱 Georgians · Netherlands
1623
+14
🇨🇳 Japanese · China
1434
+21
🇨🇳 Khmer · China
1393
+23
🇧🇷 Wei · Brazil
1625
-22
🇧🇷 Varangians · Brazil
1530
-18
🇧🇷 Saracens · Brazil
1516
-18
[KMNB] Bandeira
6:59 Loom
9:27 Feudal Age
9:59 Double-Bit Axe
11:22 Bloodlines
14:42 Scale Mail Armor
14:52 Forging
15:52 Horse Collar
17:15 Scale Barding Armor
26:08 Castle Age
24:30 Gold Mining
26:33 Stone Mining
26:23 Light Cavalry
27:04 Husbandry
27:24 Bow Saw
27:28 Heavy Plow
28:05 Wheelbarrow
28:29 Chain Barding Armor
35:36 Iron Casting
39:01 Imperial Age
37:59 Pikeman
38:39 Squires
39:36 Scale Mail Armor
39:22 Cavalier
39:48 Elite Varangian Guard
40:29 Squires
41:07 Hand Cart
41:57 Chain Mail Armor
42:42 Blast Furnace
42:15 Conscription
42:48 Pikeman
43:28 Squires
42:59 Pikeman
43:40 Squires
44:57 Two-Man Saw
44:08 Squires
44:38 Squires
44:07 Halberdier
47:11 Gambesons
49:20 Squires
49:54 Plate Mail Armor
51:26 Arson
[KMNB] Galodoido
8:29 Feudal Age
7:24 Loom
12:51 Fletching
16:05 Double-Bit Axe
16:54 Padded Archer Armor
25:46 Castle Age
23:59 Gold Mining
24:28 Horse Collar
26:02 Crossbowman
26:37 Bodkin Arrow
26:53 Bow Saw
28:24 Wheelbarrow
28:08 Leather Archer Armor
31:01 Heavy Plow
32:03 Ballistics
32:51 Gold Shaft Mining
35:09 Wheelbarrow
34:20 Town Watch
38:27 Imperial Age
36:16 Stone Mining
37:17 Forging
38:34 Bloodlines
38:25 Husbandry
39:11 Iron Casting
38:43 Scale Barding Armor
39:05 Masonry
38:36 Arbalester
39:22 Thumb Ring
39:50 Husbandry
40:01 Bloodlines
40:26 Conscription
41:06 Hand Cart
40:37 Elite Mameluke
41:19 Bracer
41:50 Ring Archer Armor
42:50 Blast Furnace
43:31 Chain Barding Armor
44:16 Chemistry
44:28 Two-Man Saw
44:07 Elite Skirmisher
47:34 Plate Barding Armor
47:09 Caravan
48:18 Hoardings
50:53 Scale Mail Armor
51:49 Hoardings
52:44 Hoardings
Fs.Khronos
9:10 Feudal Age
9:42 Double-Bit Axe
10:29 Loom
11:56 Fletching
15:11 Padded Archer Armor
22:03 Castle Age
20:56 Gold Mining
20:48 Horse Collar
22:53 Bodkin Arrow
23:12 Bow Saw
23:05 Heavy Plow
23:43 Wheelbarrow
25:31 Ballistics
25:54 Leather Archer Armor
26:53 Bloodlines
27:38 Husbandry
29:05 Thumb Ring
33:43 Hand Cart
33:14 Town Watch
38:32 Imperial Age
36:43 Gold Shaft Mining
39:17 Bracer
39:48 Ring Archer Armor
40:19 Chemistry
39:45 Parthian Tactics
39:42 Conscription
40:37 Tuntian
41:18 Hoardings
41:18 Crop Rotation
40:59 Masonry
51:24 Elite Skirmisher
52:02 Elite Skirmisher
iThink
6:54 Loom
9:02 Feudal Age
9:29 Horse Collar
22:04 Castle Age
20:52 Fletching
21:00 Gold Mining
21:24 Double-Bit Axe
22:01 Bloodlines
23:09 Bow Saw
23:57 Heavy Plow
27:42 Husbandry
27:38 Bodkin Arrow
29:45 Padded Archer Armor
40:00 Imperial Age
38:27 Ballistics
38:45 Leather Archer Armor
40:54 Wheelbarrow
40:05 Town Watch
40:49 Bracer
41:34 Caravan
42:28 Heavy Cavalry Archer
43:49 Parthian Tactics
47:58 Conscription
49:19 Aznauri Cavalry
50:01 Guilds
51:58 Chemistry
52:44 Hand Cart
qkry335791
10:00 Feudal Age
10:42 Feudal Age
8:58 Loom
13:53 Castle Age
11:50 Double-Bit Axe
13:07 Horse Collar
21:17 Bow Saw
22:44 Wheelbarrow
23:04 Bloodlines
23:46 Gold Mining
28:07 Imperial Age
26:18 Scale Barding Armor
26:47 Husbandry
27:18 Heavy Plow
30:10 Chain Barding Armor
30:52 Forging
32:17 Hand Cart
33:30 Plate Barding Armor
33:53 Gold Shaft Mining
34:26 Town Watch
34:18 Elite Battle Elephant
35:38 Tusk Swords
36:20 Iron Casting
38:01 Blast Furnace
40:27 Stone Mining
52:25 Light Cavalry
630406632
10:53 Feudal Age
16:18 Castle Age
14:07 Double-Bit Axe
14:37 Horse Collar
17:51 Bow Saw
21:18 Loom
23:29 Wheelbarrow
25:49 Gold Mining
27:56 Gold Shaft Mining
27:11 Stone Mining
28:16 Hand Cart
29:08 Town Watch
29:40 Yasama
29:47 Fletching
30:50 Bodkin Arrow
33:31 Imperial Age
31:21 Bodkin Arrow
31:47 Heavy Plow
31:44 Guard Tower
32:55 Scale Mail Armor
33:06 Forging
34:14 Bracer
34:56 Keep
34:47 Chain Mail Armor
35:41 Two-Man Saw
35:07 Arson
35:23 Squires
35:10 Gambesons
36:24 Iron Casting
35:58 Caravan
37:07 Chemistry
36:28 Ballistics
35:54 Arrowslits
36:20 Masonry
37:10 Conscription
37:11 Kataparuto
38:11 Plate Mail Armor
38:41 Blast Furnace
37:17 Pikeman
37:19 Man-at-Arms
39:04 Padded Archer Armor
40:52 Siege Engineers
40:13 Halberdier
40:16 Long Swordsman
42:57 Two-Handed Swordsman
43:35 Champion
48:54 Elite Skirmisher
49:51 Leather Archer Armor
51:54 Crossbowman
53:22 Arbalester
54:38 Ring Archer Armor
Connection lost

Rejoining the realm…

Still unreachable

The connection could not be restored.

Session expired

The server has moved on; the page needs a fresh start.